 Dungeon Crawl Stone Soup version 0.19-a0-1767-gb375097 (webtiles) character file.

90 Bzzzz the Sneak (level 4, 0/23 HPs)
             Began as a Spriggan Assassin on Oct 2, 2016.
             Slain by AmbiguousPuzuma's ghost (10 damage)
             ... on level 4 of the Dungeon.
             The game lasted 00:04:58 (2219 turns).

Bzzzz the Sneak (Spriggan Assassin)                 Turns: 2219, Time: 00:04:58

Health: 0/23       AC:  6    Str:  7    XL:     4   Next: 32%
Magic:  6/6        EV: 18    Int: 12    God:
Gold:   115        SH:  0    Dex: 18    Spells: 0 memorised, 4 levels left

rFire  . . .     SeeInvis +     a - +2 dagger
rCold  . . .     Gourm    .     j - +2 robe {Archmagi}
rNeg   . . .     Faith    .     (shield restricted)
rPois  .         Spirit   .     (helmet restricted)
rElec  .         Dismiss  .     d - +1 cloak
rCorr  .         Reflect  .     (gloves unavailable)
MR     .....     Harm     .     (boots unavailable)
Stlth  ++++......               (no amulet)
                                (no ring)
                                (no ring)

@: very quick
A: unfitting armour, see invisible, herbivore 3, speed 3, slow metabolism 2
a: no special abilities


You were on level 4 of the Dungeon.
You were not hungry.

You visited 1 branch of the dungeon, and saw 4 of its levels.

You collected 115 gold pieces.

Inventory:

Hand Weapons
 a - a +2 dagger (weapon)
 b - a +0 blowgun
Missiles
 e - 8 poisoned needles
 f - 2 curare-tipped needles
Armour
 d - a +1 cloak (worn)
 j - a +2 robe of the Archmagi (worn)
Scrolls
 m - a scroll of blinking
 o - a scroll of recharging
Potions
 c - a potion of curing {unknown}
 i - a potion of cancellation {unknown}
 k - a potion of magic
 l - 2 potions of degeneration {unknown}
 n - a potion of lignification {unknown}
 p - a potion of agility {unknown}
Comestibles
 g - 3 bread rations


   Skills:
 + Level 2.1 Fighting
 + Level 2.8 Short Blades
 + Level 2.6 Throwing
 + Level 2.4 Dodging
 * Level 6.8 Stealth
 + Level 0.8 Spellcasting


You had 4 spell levels left.
You didn't know any spells.

Dungeon Overview and Level Annotations

Branches:
Dungeon (4/15)
 Temple: D:4-7

Altars:

Portals:
Sewer: D:4

Annotations:
D:4 AmbiguousPuzuma's ghost, weakling TrMo


Innate Abilities, Weirdness & Mutations

You are very small and have problems with some larger weapons.
You are too small for most types of armour.
You have supernaturally acute eyesight. (SInv)
You are a herbivore.
You cover ground extremely quickly.
You need consume almost no food.


Message History

AmbiguousPuzuma's ghost is severely damaged.
AmbiguousPuzuma's ghost completely misses you.
You hit AmbiguousPuzuma's ghost but do no damage.
AmbiguousPuzuma's ghost is severely damaged.
You closely miss AmbiguousPuzuma's ghost.
AmbiguousPuzuma's ghost is severely damaged.
AmbiguousPuzuma's ghost completely misses you.
You barely miss AmbiguousPuzuma's ghost.
AmbiguousPuzuma's ghost is heavily damaged.
AmbiguousPuzuma's ghost misses you.
You barely miss AmbiguousPuzuma's ghost.
AmbiguousPuzuma's ghost is heavily damaged.
AmbiguousPuzuma's ghost closely misses you.
You closely miss AmbiguousPuzuma's ghost.
AmbiguousPuzuma's ghost is heavily damaged.
AmbiguousPuzuma's ghost hits you!
You completely miss AmbiguousPuzuma's ghost.
AmbiguousPuzuma's ghost is heavily damaged.
AmbiguousPuzuma's ghost hits you!
You die...

ā‰ˆsā‰ˆ#. .#..##
######.###.....##
........##........ #
...)%............
.#.#................
...#!.......<..>....
.....$...........[..
#....#.#...........
#....#@.ā€ ........
#..W..#........
#.$....#.....##
##..#..#######
#..#..# #..#..#
....... ##.......
#........


You could see AmbiguousPuzuma's ghost.

Vanquished Creatures
  3 adders (D:2)
  4 dart slugs
  3 leopard geckos (D:3)
  2 giant cockroaches
  7 goblins
  10 hobgoblins
  6 bats
  3 frilled lizards (D:1)
  9 kobolds
  4 rats
51 creatures vanquished.

Notes
Turn   | Place    | Note
-------+----------+-------------------------------------------
     0 | D:1      | Bzzzz the Spriggan Assassin began the quest for the Orb.
     0 | D:1      | Reached XP level 1. HP: 10/10 MP: 2/2
    93 | D:1      | Reached skill level 6 in Stealth
   320 | D:1      | Reached XP level 2. HP: 15/15 MP: 3/3
   897 | D:2      | Reached XP level 3. HP: 14/18 MP: 4/4
  1805 | D:3      | Reached XP level 4. HP: 23/23 MP: 5/5
  1892 | D:3      | Found a faded altar of an unknown god.
  2167 | D:4      | Found a glowing drain.
  2177 | D:4      | Noticed AmbiguousPuzuma's ghost (weakling TrMo)
  2219 | D:4      | Slain by AmbiguousPuzuma's ghost

Vault maps used:
D:1:      dpeg_arrival_solitude
D:3:      ecumenical_altar_2, grunt_ministairs_1
D:4:      first_bread, gup_sewer_entry_glass, uniq_pikel

Skill      XL: |  1  2  3 |
---------------+----------+-----
Stealth        | 6 |  6.8
Dodging        | 2 |  2.4
Fighting       | 2 |  2.1
Short Blades   | |  2.8
Throwing       | |  2.6
Spellcasting   | |  0.8

Action                   |  1- 3 |  4- 6 || total
-------------------------+-------+-------++-------
Melee: Dagger            |   127 |    75 ||   202
  Use: Scroll            |     8 |     1 ||     9
       Potion            |       |     1 ||     1
 Stab: Sleeping          |    12 |     4 ||    16
Armor: Robe              |    15 |    13 ||    28
Dodge: Dodged            |    79 |    73 ||   152
